 Dungeon Sprint DCSS version 0.29-a0-723-gce39da1c22 (webtiles) character file.

Game seed: 3383109351151202110

1647 Hipnos the Convoker (level 8, -3/43 HPs)
             Began as a Deep Elf Summoner on June 28, 2022.
             Slain by a flying skull (5 damage)
             ... in the Dungeon (Sprint II: "The Violet Keep of Menkaure").
             The game lasted 00:06:30 (759 turns).

Hipnos the Convoker (Deep Elf Summoner)              Turns: 759, Time: 00:06:30

Health: -3/43      AC:  2    Str:  5    XL:     8   Next: 67%
Magic:  4/27       EV: 14    Int: 23    God:
Gold:   486        SH:  0    Dex: 15    Spells: 20/33 levels left

rFire   . . .      SeeInvis .     - Unarmed
rCold   . . .      Faith    .   (no shield)
rNeg    . . .      Spirit   .   a - +0 robe
rPois   .          Reflect  .   (no helmet)
rElec   .          Harm     .   (no cloak)
rCorr   .          Rampage  .   (no gloves)
Will    .....      NoTele   +   (no boots)
Stlth   +++.......              (no amulet)
HPRegen 0.14/turn               (no ring)
MPRegen 0.20/turn               (no ring)

@: hasted, very quick
A: no striking features
a: no special abilities


You were in the Dungeon.
You visited 1 branch You collected 486 gold pieces.

Inventory:

Armour
 a - a +0 robe (worn)
Potions
 b - 3 potions of magic


   Skills:
 + Level 1.2 Fighting
 + Level 4.6 Dodging
 + Level 5.5 Stealth
 + Level 3.3 Unarmed Combat
 + Level 13.3 Spellcasting
 + Level 2.6 Hexes
 * Level 16.7 Summonings


You had 20 spell levels left.
You knew the following spells:

 Your Spells              Type           Power      Damage    Failure   Level
a - Summon Small Mammal   Summ           100%       N/A       0%          1
b - Call Imp              Summ           75%        N/A       0%          2
c - Call Canine Familiar  Summ           75%        N/A       0%          3
d - Summon Guardian Gole  Hex/Summ       56%        N/A       1%          3
e - Summon Lightning Spi  Summ/Air       52%        N/A       1%          4

Your spell library contained the following spells:

 Spells                   Type           Power      Damage    Failure   Level


Dungeon Overview and Level Annotations

Branches:
Dungeon (1/1)

Altars:

Annotations:
D exclusion: obsidian statue, Menkaure


Message History

The flying skull hits you.
The flying skull hits your guardian golem.
You feel better. The flying skull hits you!
* * * LOW HITPOINT WARNING * * *
The flying skull barely misses you.
The flying skull hits your guardian golem.
Your warg misses the flying skull.
Your crimson imp completely misses the flying skull.
You feel yourself speed up. The flying skull closely misses you.
The flying skull barely misses you.
The flying skull hits your guardian golem but does no damage.
Your warg bites the flying skull.
Menkaure closely misses your crimson imp.
The flying skull hits you.
* * * LOW HITPOINT WARNING * * *
The flying skull barely misses you.
The flying skull hits your guardian golem but does no damage.
The flying skull barely misses your warg.
Your crimson imp closely misses the flying skull.
You miss the flying skull.
The flying skull is moderately damaged.
Your warg bites the flying skull!
The flying skull completely misses you.
Menkaure barely misses your crimson imp.
Nothing appears to happen.
The flying skull hits you.
* * * LOW HITPOINT WARNING * * *
The flying skull hits your warg.
The flying skull hits your guardian golem.
Blink to where?
Press: ? - help, Dir - move target
Found 243 gold pieces.
As you read the scroll of blinking, it crumbles to dust.
Your warg closely misses the flying skull.
The flying skull hits your warg.
Your crimson imp completely misses the flying skull.
The flying skull hits you.
* * * LOW HITPOINT WARNING * * *
The flying skull hits your guardian golem but does no damage.
Your warg bites the flying skull!
Something completely misses your warg. The flying skull hits you.
You die...

#≈≈#+++#+++##
≈≈≈...M..Mz.#
≈≈≈≈.##§##59# ≈≈≈
###.###.#### ≈
#..#..#zz..# #
##5#z####..## ##.
##'###.##h.#
#$.B##z##.#.#z.#
#+.z5'##$@..#
#.B.##z###..#....#
##.
##z###.##......≈≈
# ##zz.###
≈≈.§...≈# #.§#..#
≈≈≈§§≈..≈# ##...##
°§≈≈≈§≈.≈# ##'##
§§≈§≈≈≈≈§≈#


≈zz §≈≈≈§§§≈§§# ++#zz You could see a flying skull and a friendly warg
(summoned, sheltered).

Vanquished Creatures
  2 scorpions (D)
2 creatures vanquished.

Vanquished Creatures (collateral kills)
  A merfolk siren (D)
  A flying skull (D)
  2 neqoxecs (D)
  2 scorpions (D)
6 creatures vanquished.

Vanquished Creatures (others)
  4 flying skulls (D)
  A neqoxec (D)
5 creatures vanquished.

Grand Total: 13 creatures vanquished

Notes
Turn   | Place    | Note
-------+----------+-------------------------------------------
     0 | D        | Hipnos the Deep Elf Summoner began the quest for the Orb.
     0 | D        | Reached XP level 1. HP: 10/10 MP: 6/6
     3 | D        | Noticed a boulder beetle
     3 | D        | Noticed a boulder beetle
     7 | D        | Noticed a scorpion
     7 | D        | Noticed a scorpion
     7 | D        | Noticed a scorpion
     7 | D        | Noticed a scorpion
    16 | D        | Killed a scorpion
    17 | D        | Reached skill level 8 in Summonings
    17 | D        | Reached XP level 2. HP: 15/15 MP: 3/9
    17 | D        | Reached XP level 3. HP: 19/19 MP: 3/10
    21 | D        | Killed a scorpion
    22 | D        | Reached skill level 5 in Spellcasting
    22 | D        | Reached skill level 9 in Summonings
    22 | D        | Reached XP level 4. HP: 24/24 MP: 3/13
    29 | D        | Killed a scorpion
    30 | D        | Reached skill level 1 in Unarmed Combat
    30 | D        | Reached skill level 10 in Summonings
    30 | D        | Reached XP level 5. HP: 16/28 MP: 4/15
   205 | D        | Learned a level 2 spell: Call Imp
   209 | D        | Learned a level 3 spell: Call Canine Familiar
   213 | D        | Learned a level 3 spell: Summon Guardian Golem
   218 | D        | Learned a level 4 spell: Summon Lightning Spire
   450 | D        | Reached skill level 11 in Summonings
   505 | D        | Noticed a neqoxec
   524 | D        | Killed a neqoxec
   525 | D        | Reached skill level 5 in Stealth
   525 | D        | Reached skill level 12 in Summonings
   525 | D        | Reached XP level 6. HP: 33/33 MP: 13/19
   651 | D        | Noticed a neqoxec
   651 | D        | Noticed a merfolk siren
   651 | D        | Noticed a neqoxec
   655 | D        | Killed a neqoxec
   656 | D        | Reached skill level 1 in Hexes
   659 | D        | Killed a neqoxec
   660 | D        | Reached skill level 13 in Summonings
   668 | D        | Killed a merfolk siren
   669 | D        | Reached skill level 1 in Fighting
   669 | D        | Reached skill level 14 in Summonings
   669 | D        | Reached XP level 7. HP: 38/38 MP: 16/23
   711 | D        | Noticed a flying skull
   711 | D        | Noticed a flying skull
   711 | D        | Noticed a flying skull
   711 | D        | Noticed a flying skull
   711 | D        | Noticed a flying skull
   712 | D        | Noticed a flying skull
   712 | D        | Noticed a flying skull
   712 | D        | Noticed a flying skull
   712 | D        | Noticed a flying skull
   712 | D        | Noticed a flying skull
   712 | D        | Noticed a flying skull
   727 | D        | Killed a flying skull
   728 | D        | Reached skill level 15 in Summonings
   728 | D        | Reached XP level 8. HP: 26/43 MP: 15/25
   730 | D        | Killed a flying skull
   734 | D        | Killed a flying skull
   739 | D        | Noticed an obsidian statue
   743 | D        | Noticed Menkaure
   744 | D        | Killed a flying skull
   745 | D        | Reached skill level 16 in Summonings
   745 | D        | Killed a flying skull
   757 | D        | HP: 2/43 [flying skull (2)]
   759 | D        | Slain by a flying skull

Illustrated notes

Levels and vault maps discovered:
D:        the_violet_keep_of_menkaure [sprint2_stairs_cluster_1,
          sprint2_shoproom, sprint2_temple, sprint2_basic_supplies,
          sprint2_obstacle_1, sprint2_obstacle_7, sprint2_obstacle_3,
          sprint2_obstacle_6, sprint2_obstacle_4, sprint2_timed_cluster_1,
          sprint2_smallroom_cluster_1, sprint2_smallroom_final_cluster_1,
          sprint2_transparent_cluster_1, sprint2_second_timed_cluster_1,
          sprint2_sniper_area_1, sprint2_heavy_combat_area_1,
          sprint2_mutation_trap_area_1, sprint2_forest_area_1,
          sprint2_light_combat_area_1, sprint2_behind_water_1,
          sprint2_near_end_vault_1]

Skill      XL: |  1  2  3  4  5  6  7  8 |
---------------+-------------------------+-----
Dodging        | 3 4 |  4.6
Stealth        | 3 4 5 |  5.5
Spellcasting   | 4 5 8 11 13 | 13.3
Summonings     | 8 9 10 12 14 15 16 | 16.7
Unarmed Combat | 1 2 3 |  3.3
Hexes          | 1 2 |  2.6
Fighting       | 1 |  1.2

Action                   |  1- 3 |  4- 6 |  7- 9 || total
-------------------------+-------+-------+-------++-------
Melee: Unarmed           |     6 |     8 |     2 ||    16
       Punch             |     1 |       |       ||     1
 Cast: Summon Small Mamm |     4 |     4 |     2 ||    10
       Call Canine Famil |       |     5 |     4 ||     9
       Summon Guardian G |       |     5 |     3 ||     8
       Call Imp          |       |     4 |     2 ||     6
  Use: Potion            |     1 |       |     3 ||     4
       Scroll            |       |       |     1 ||     1
Armor: Robe              |     2 |       |       ||     2
Dodge: Dodged            |     2 |     4 |    13 ||    19

Table legend: (Time is in decaauts)
 A = Elapsed time spent in this place.
 B = Non-inter-level travel time spent in this place.
 C = Inter-level travel time spent in this place.
 D = Time resting spent in this place.
 E = Time spent auto-exploring this place.
 F = Levels seen in this place.
 G = Mean time per level.
                   A        B        C        D        E       F      G
               +--------+--------+--------+--------+--------+-----+--------+
         Total |    766 |    766 |      0 |    588 |      0 |   1 |  766.0 |
       Dungeon |    766 |    766 |      0 |    588 |      0 |   1 |  766.0 |
               +--------+--------+--------+--------+--------+-----+--------+

Top non-repeatable levels by time:
       D: 766 daAuts
